 Dungeon Crawl Stone Soup version 0.27-a0-906-g0a00ce863d (webtiles) character file.

Game seed: 15229159430741916353

499 Lanoc the Slasher (level 6, -1/56 HPs)
             Began as a Minotaur Fighter on Apr 6, 2021.
             Was an Elder of Jiyva.
             Slain by Edmund
             ... wielding a +4 flail of venom
              (3 damage)
             ... on level 4 of the Dungeon.
             The game lasted 00:09:16 (4937 turns).

Lanoc the Slasher (Minotaur Fighter)                Turns: 4937, Time: 00:09:17

Health: -1/56      AC:  7    Str: 18    XL:     6   Next: 94%
Magic:  5/5        EV:  8    Int:  7    God:    Jiyva [****..]
Gold:   47         SH: 10    Dex: 12    Spells: 5/5 levels left

rFire    + . .     SeeInvis .   a - +0 long sword
rCold    . . .     Faith    .   c - +1 kite shield
rNeg     . . .     Spirit   .   b - +0 scale mail
rPois    .         Reflect  .   (helmet restricted)
rElec    .         Harm     .   (no cloak)
rCorr    +         Rampage  .   (no gloves)
Will     .....                  (no boots)
Stlth    ..........             (no amulet)
HPRegen  0.18/turn              (no ring)
MPRegen  0.09/turn              (no ring)

@: mighty, lethally poisoned (-1 -> -10)
A: horns 2, retaliatory headbutt, fire resistance 1
a: Renounce Religion, Request Jelly, Slimify


You were on level 4 of the Dungeon.
You worshipped Jiyva.
Jiyva was greatly pleased with you.
You visited 2 branches of the dungeon, and saw 6 of its levels.

You collected 47 gold pieces.

Inventory:

Hand Weapons
 a - a +0 long sword (weapon)
Armour
 b - a +0 scale mail (worn)
 c - a +1 kite shield (worn)
Wands
 g - a wand of flame (10)
 h - a wand of mindburst (11)
Scrolls
 e - a scroll of teleportation {unknown}


   Skills:
 + Level 5.2 Fighting
 * Level 5.9 Long Blades
 + Level 5.2 Armour
 + Level 3.2 Dodging
 - Level 4.0 Shields


You had 5 spell levels left.
You didn't know any spells.
Your spell library was empty.

Dungeon Overview and Level Annotations

Branches:
Dungeon (5/15)             Temple (1/1) D:4

Altars:
Ru
Jiyva

Annotations:
D:4 Edmund
D:5 Pikel


Innate Abilities, Weirdness & Mutations

You have a pair of horns on your head.
You reflexively headbutt those who attack you in melee.
Your flesh is heat resistant. (rF+)


Message History

You swap places.
Edmund hits the jelly with a +4 flail of venom!
The jelly dies!
Edmund says, "I'm quite good with sums, too."
Jiyva gurgles merrily.
You swap places.
Edmund says, "People will remember me!
They'll remember me and die!"
Edmund hits you with a +4 flail of venom!
You are poisoned.
You feel very sick.
You feel sick.
You feel sick.
You feel sick.
You feel sick.
You feel sick.
You feel sick.
You feel sick.
Edmund says, "You wouldn't believe how much I paid for this flail."
You feel sick.
You feel sick.
You are no longer poisoned.
Edmund says, "People accused me of being a cutpurse!"
You swap places.
Edmund says, "People think my brother is the best.
I think he's crazy."
You swap places.
You swap places.
You swap places.
Edmund grinds his teeth, and then sighs.
Edmund hits you with a +4 flail of venom.
* * * LOW HITPOINT WARNING * * *
You are lethally poisoned!
You feel very mighty all of a sudden.
* * * LOW HITPOINT WARNING * * *
You feel very sick. You block Edmund's attack.
You closely miss Edmund. Your headbutt misses Edmund.
* * * LOW HITPOINT WARNING * * *
You feel very sick.
Edmund hits you with a +4 flail of venom.
You die...

#####....##.....# ###..#..###..##
.......#####...####...###..##J..#
.......# ##..#.....## ##......#
.##...## ##......## #.......
......## ##......# ##.###...
..##...## ##......## #..###...
####....####...#..### ##.###....
###......#......#...####..##....#
.....J.........@@........##..####
.........###.................#
............................##
......J.....................#####
....##......###......#...........
...####....## ##.....###.........
..## #...## #.##..##..##......
..## #...# ###.##..##..###.....
...####...####....#..##.####...#.


You could see Edmund.

Vanquished Creatures
  A phantom (D:5)
  A scorpion (D:4)
  A wyvern skeleton (D:5)
  A killer bee (D:4)
  A hound (D:4)
  2 orc priests (D:4)
  An iguana (D:5)
  Ijyb (D:3)
  3 adders
  A worm (D:2)
  2 dart slugs (D:1)
  11 orcs
  2 bats (D:1)
  2 giant cockroaches (D:3)
  5 goblins
  3 hobgoblins
  7 jackals (D:2)
  3 quokkas (D:2)
  2 ball pythons
  2 kobolds
  3 rats
55 creatures vanquished.

Vanquished Creatures (others)
  A lemure (D:4)
  An ogre (D:4)
  4 jellies
  An orc wizard (D:3)
  7 orcs
  2 endoplasms (D:3)
  A giant cockroach (D:4)
  A goblin (D:1)
  3 hobgoblins
  A kobold (D:3)
  2 quokkas
  2 ball pythons
  2 bats
  A frilled lizard (D:1)
  A rat (D:2)
30 creatures vanquished.

Grand Total: 85 creatures vanquished

Notes
Turn   | Place    | Note
-------+----------+-------------------------------------------
     0 | D:1      | Lanoc the Minotaur Fighter began the quest for the Orb.
     0 | D:1      | Reached XP level 1. HP: 19/19 MP: 0/0
    19 | D:1      | Found a faded altar of an unknown god.
    33 | D:1      | Became a worshipper of Jiyva Jiffol the Shapeless
    33 | D:1      | Reached * piety under Jiyva
   181 | D:1      | Reached ** piety under Jiyva
   267 | D:1      | Reached XP level 2. HP: 27/27 MP: 1/1
   642 | D:2      | Reached skill level 1 in Dodging
   643 | D:2      | Reached XP level 3. HP: 28/33 MP: 2/2
   705 | D:2      | Found a sacrificial altar of Ru.
  1371 | D:2      | Reached XP level 4. HP: 25/40 MP: 3/3
  1676 | D:3      | Reached *** piety under Jiyva
  1843 | D:3      | Noticed Ijyb
  2375 | D:3      | Killed Ijyb
  2874 | D:4      | Reached XP level 5. HP: 43/47 MP: 4/4
  2951 | D:4      | Gained mutation: Your flesh is heat resistant. (rF+)
                  | [Jiyva's grace]
  2989 | D:4      | Reached skill level 5 in Long Blades
  3185 | D:4      | Reached XP level 6. HP: 55/55 MP: 5/5
  3860 | D:4      | Found a staircase to the Ecumenical Temple.
  4025 | Temple   | Entered the Ecumenical Temple
  4082 | D:5      | Entered Level 5 of the Dungeon
  4380 | D:5      | Reached skill level 5 in Fighting
  4380 | D:5      | Reached skill level 5 in Armour
  4505 | D:5      | Reached **** piety under Jiyva
  4514 | D:5      | Noticed Pikel
  4762 | D:5      | Noticed Edmund
  4937 | D:4      | HP: 2/56 [poisoned by Edmund]
  4937 | D:4      | Slain by Edmund

Illustrated notes

Levels and vault maps discovered:
D:1:      heliophobic_arrival_henge, layout_loops_cross, basic_ecumenical_altar,
          minmay_splitting_lines
D:2:      layout_rooms, basic_altar, kennysheep_generic_room_13
D:3:      layout_rooms, kennysheep_nub, minmay_misc_feat_cross, uniq_ijyb
D:4:      wad_pebble_path, layout_layer_cave, minmay_temple_entry_nine_rooms,
          hex_tiny
D:5:      cheibrodos_helix_gallery, layout_basic, uniq_prince_ribbit1,
          uniq_edmund, uniq_sigmund, uniq_pikel
Temple:   regret_index_temple_generic_petals

Skill      XL: |  1  2  3  4  5  6 |
---------------+-------------------+-----
Long Blades    | 3 4 5 |  5.9
Dodging        | 1 2 3 |  3.2
Fighting       | 4 5 |  5.2
Armour         | 4 5 |  5.2
Shields        | 4 |  4.0

Action                   |  1- 3 |  4- 6 || total
-------------------------+-------+-------++-------
Melee: Long sword        |    80 |    92 ||   172
       Headbutt          |     7 |    10 ||    17
  Use: Scroll            |       |     4 ||     4
       Potion            |       |     5 ||     5
Armor: Scale mail        |    52 |    31 ||    83
       Skin              |       |     1 ||     1
Dodge: Dodged            |    30 |    36 ||    66
Block: Kite shield       |    53 |    83 ||   136
       Rpst.: Long sword |     7 |    10 ||    17

Table legend: (Time is in decaauts)
 A = Elapsed time spent in this place.
 B = Non-inter-level travel time spent in this place.
 C = Inter-level travel time spent in this place.
 D = Time resting spent in this place.
 E = Time spent auto-exploring this place.
 F = Levels seen in this place.
 G = Mean time per level.
                   A        B        C        D        E       F      G
               +--------+--------+--------+--------+--------+-----+--------+
         Total |   5019 |   4824 |    195 |   1341 |   2458 |   6 |  836.5 |
       Dungeon |   5017 |   4822 |    195 |   1341 |   2458 |   5 | 1003.4 |
        Temple |      1 |      1 |      0 |      0 |      0 |   1 |    1.0 |
               +--------+--------+--------+--------+--------+-----+--------+

Top non-repeatable levels by time:
     D:4: 1853 daAuts
     D:2: 1458 daAuts
     D:3: 824 daAuts
     D:1: 592 daAuts
     D:5: 289 daAuts
  Temple: 1 daAuts
